 Dungeon Crawl Stone Soup version 0.28.0-1-gb440e238dd (webtiles) character file.

Game seed: 4052890175255081834

98479 iguanaiguana the Basher (level 15, -6/99 HPs)
             Began as a Palentonga Warper on Feb 22, 2022.
             Was a High Priest of Nemelex Xobeh.
             Killed from afar by a starcursed mass (8 damage)
             ... with an accursed screaming
             ... on level 2 of the Abyss on Feb 23, 2022.
             The game lasted 02:58:03 (48222 turns).

iguanaiguana the Basher (Palentonga Warper)        Turns: 48222, Time: 02:58:03

Health: -6/99      AC: 33    Str: 20    XL:     15   Next: 75%
Magic:  20/25      EV:  7    Int: 23    God:    Nemelex Xobeh [*****.]
Gold:   1925       SH: 13    Dex:  9    Spells: 11/27 levels left

rFire   . . .      SeeInvis +   r - +5 demon whip (pain)
rCold   . . .      Faith    .   k - +0 kite shield
rNeg    . . .      Spirit   .   Z - +1 ring mail "Fannuruq" {Contam +Inv rPois Int+5}
rPois   +          Reflect  +   P - +2 helmet
rElec   .          Harm     .   j - +0 cloak
rCorr   .          Rampage  .   W - +0 pair of gloves
Will    +....                   e - +3 barding
Stlth   +.........              x - amulet of reflection
HPRegen 0.26/turn               V - +6 ring of strength
MPRegen 0.19/turn               E - +4 ring of protection

@: about to teleport, hasted, curled up, very quick
A: large, rugged brown scales 3, see invisible, deformed body, roll 1, armoured
tail, reflexive curl, [frail 2], [weak 2]
a: Rolling Charge, Renounce Religion, Evoke Invisibility, Draw Escape, Draw
Destruction, Draw Summoning, Draw Stack, Triple Draw, Deal Four, Stack Five


You were on level 2 of the Abyss.
You worshipped Nemelex Xobeh.
Nemelex Xobeh was extremely pleased with you.
You visited 4 branches of the dungeon, and saw 24 of its levels.
You visited the Abyss 1 time.
You also visited: Sewer and Gauntlet.

You collected 2751 gold pieces.
You spent 826 gold pieces at shops.

Inventory:

Hand Weapons
 r - a +5 demon whip of pain (weapon)
Missiles
 b - 3 curare-tipped darts
 d - 7 boomerangs of dispersal (quivered)
 s - 21 poisoned darts
 J - a throwing net
Armour
 e - a +3 barding (worn)
 j - a +0 cloak (worn)
 k - a +0 kite shield (worn)
 w - a +0 crystal plate armour
 P - a +2 helmet (worn)
 T - the +4 ring mail "Guuddion" {rCorr MP+9}
   (You found it on level 2 of the Dungeon)

   MP:        It affects your magic capacity (+9).
   rCorr:     It protects you from acid and corrosion.
 W - a +0 pair of gloves (worn)
 Z - the +1 ring mail "Fannuruq" (worn) {Contam +Inv rPois Int+5}
   (You found it on level 14 of the Dungeon)

   Int:       It affects your intelligence (+5).
   rPois:     It protects you from poison.
   +Inv:      It lets you turn invisible.
   Contam:    It causes magical contamination when unequipped.
Magical Staves
 y - a staff of fire
Jewellery
 u - a ring of poison resistance
 x - an amulet of reflection (around neck)
 E - a +4 ring of protection (right hand)
 I - a ring of ice
 R - a ring of ice
 V - a +6 ring of strength (left hand)
Wands
 q - a wand of paralysis (8)
 t - a wand of flame (11)
 L - a wand of digging (7) {@v3}
 S - a wand of acid (2) {@v1}
 U - a wand of iceblast (5) {@v2}
 X - a wand of charming (12)
Scrolls
 h - a scroll of immolation
 l - 3 scrolls of fear
 m - 8 scrolls of teleportation {@r3}
 o - 2 scrolls of fog
 v - 2 scrolls of summoning
 B - 3 scrolls of magic mapping {@r5}
 C - a scroll of amnesia
 K - a scroll of acquirement {unknown}
 Q - 2 scrolls of silence
Potions
 a - 3 potions of magic
 f - a potion of berserk rage
 g - 3 potions of mutation
 i - 4 potions of ambrosia { Lol}
 z - a potion of flight
 A - a potion of brilliance
 D - 4 potions of haste {@q4}
 H - 2 potions of cancellation
 Y - 2 potions of resistance {@q5}


   Skills:
 - Level 9.5 Fighting
 - Level 12.3 Maces & Flails
 - Level 1.6 Throwing
 - Level 7.5 Armour
 - Level 8.4 Dodging
 - Level 2.0 Stealth
 + Level 5.7 Shields
 - Level 6.7 Spellcasting
 - Level 6.0 Necromancy
 - Level 12.2 Translocations
 - Level 6.0 Transmutations
 - Level 12.2 Invocations


You had 11 spell levels left.
You knew the following spells:

 Your Spells              Type           Power      Damage    Failure   Level
a - Blink                 Tloc           100%       N/A       1%          2
b - Teleport Other        Tloc           59%        N/A       1%          3
c - Manifold Assault      Tloc           59%        N/A       4%          5
d - Wereblood             Tmut           35%        N/A       3%          2
e - Passage of Golubria   Tloc           59%        N/A       1%          4

Your spell library contained the following spells:

 Spells                   Type           Power      Damage    Failure   Level
 Gell's Gravitas          Tloc           59%        N/A       1%          3
 Lesser Beckoning         Tloc           59%        N/A       1%          3
 Beastly Appendage        Tmut           70%        N/A       2%          1
 Passwall                 Tmut/Erth      17%        N/A       12%         2
 Spider Form              Tmut/Pois      21%        N/A       24%         3
 Magic Dart               Conj           28%        1d4       26%         1
 Sandblast                Erth           14%        2d6       26%         1
 Ignite Poison            Fire/Tmut/Pois 16%        N/A       34%         3
 Ensorcelled Hibernation  Hex/Ice        14%        N/A       38%         2
 Searing Ray              Conj           14%        2d5       38%         2
 Ice Form                 Ice/Tmut       21%        N/A       61%         4
 Confusing Touch          Hex            7%         N/A       63%         3
 Mephitic Cloud           Conj/Pois/Air  7%         N/A       63%         3
 Ozocubu's Armour         Ice            7%         N/A       63%         3
 Stone Arrow              Conj/Erth      14%        3d7       63%         3
 Swiftness                Air            7%         N/A       63%         3
 Tukima's Dance           Hex            7%         N/A       63%         3
 Yara's Violent Unravell  Hex/Tmut       10%        3d6       91%         5
 Airstrike                Air            3%         N/A       95%         4
 Fulminant Prism          Conj/Hex       3%         3d6       95%         4
 Hailstorm                Conj/Ice       7%         3d4       95%         4
 Summon Lightning Spire   Summ/Air       7%         N/A       95%         4
 Freezing Cloud           Conj/Ice/Air   3%         6-21      100%        5
 Lightning Bolt           Conj/Air       3%         1d15      100%        5
 Metabolic Englaciation   Hex/Ice        3%         N/A       100%        5
 Simulacrum               Ice/Necr       10%        N/A       100%        6
 Enfeeble                 Hex            3%         N/A       100%        7


Dungeon Overview and Level Annotations

Branches:
Dungeon (15/15)            Temple (1/1) D:5            Lair (6/6) D:9
  Swamp (0/4) Lair:4       Spider (0/4) Lair:3        Slime (0/5) Lair:6
    Orc (2/2) D:11            Elf (0/3) Orc:2        Vaults (0/5) D:13
 Depths (0/4) D:15          Sewer (visited)         Gauntlet (visited)

Altars:
Dithmenos
Fedhas
Hepliaklqana
Nemelex Xobeh
Ru
Sif Muna
Trog
Xom
Yredelemnul
Zin
Beogh

Shops:
D:4 =   D:6 :   D:7 [[:   D:9 :   Orc:1 :   Orc:2 ((*

Portals:
Abyss: D:8

Annotations:
D:1 exclusion: downstairs
D:3 exclusion: upstairs
D:8 2 transporters, exclusion: ice statue, jlumianski's ghost, novice GrFE
Lair:5 1 runed translucent door, Serogusm's ghost, journeyman CeAM Gauntlet 13 transporters


Innate Abilities, Weirdness & Mutations

You are completely covered in rugged brown scales. (AC +3, +7% HP)
You have supernaturally acute eyesight. (SInv)
Armour fits poorly on your strangely shaped body.
You can roll at nearby foes to attack.
You have a long armoured tail.
You curl defensively after being hit. (AC +7*)
[You are very frail. (-20% HP)]
[You are very weak. (Str -4)]


Message History

The tentacled starspawn is heavily damaged.
The spatial maelstrom hits you!
* * * LOW HITPOINT WARNING * * *
You blink.
Okay, then.
Blink to where?
Press: ? - help, Dir - move target A spatial vortex and a tentacled starspawn come into view.
As you read the scroll of blinking {@r4}, it crumbles to dust.
The walls disappear prematurely!
Tentacles burst from the starspawn's body!
A tentacle flies out from the starspawn's body! 3 starspawn tentacles come into view.
Blink to where?
Press: ? - help, Dir - move target There's something in the way.
Okay, then.
As you read the scroll of holy word, it crumbles to dust.
You speak a Word of immense power!
The neqoxec convulses!
You kill the neqoxec!
That felt strangely unrewarding.
As you read the scroll of holy word, it crumbles to dust.
You speak a Word of immense power!
The wight convulses!
You destroy the wight!
That felt strangely unrewarding.
The starspawn tentacle grabs you. The starspawn tentacle constricts you.
Blink to where?
Press: ? - help, Dir - move target The starspawn tentacle's grasp on you weakens, but your attempt to escape fails.
As you read the scroll of blinking {@r4}, it crumbles to dust.
The starspawn tentacle loses its grip on you.
The tentacle pulls you backwards!
Blink to where?
Press: ? - help, Dir - move target A starcursed mass and a worldbinder come into view.
As you read the scroll of blinking {@r4}, it crumbles to dust.
A starcursed mass splits.
A chorus of shrieks assaults your mind.
You die...
Your body disappears without a glow.

≈## ≈≈## #≈≈.#
X≈#.# X≈.# ≈≈##
##x≈≈# ##@## ## .
#.#.# ≈## .≈#
#§#≈.#≈####
....#...#≈Xv..#
..∩...#.....#...
###.§≈...#
..##w#w..≈#######
.#.#│v│#....# .(
#
...#...│..≈.#...
#


You could see 2 starcursed masses, a tentacled starspawn, a spatial maelstrom, a
worldbinder and 2 starspawn tentacles.

Vanquished Creatures
  A dire elephant (Orc:2)
  4 vault guards
  3 boulder beetles (D:12)
  3 catoblepae (Lair:6)
  4 centaur warriors
  10 hydras
  4 two-headed ogres
  11 death yaks
  4 tengu warriors
  3 orc high priests (Orc:2)
  A shock serpent (D:12)
  Sonja (D:10)
  An orb spider (Lair:3)
  2 wretched stars (Abyss:2)
  2 deep elf pyromancers
  A necromancer (D:15)
  6 orc knights
  5 orc sorcerers
  An oklob plant (Lair:1)
  9 ugly things
  2 cyclopes
  Maurice (Orc:2)
  3 manticores
  A worldbinder (Abyss:2)
  3 black mambas
  27 elephants
  6 gargoyles
  19 cane toads
  3 smoke demons (Abyss:2)
  2 yaktaurs (D:13)
  2 rime drakes
  2 unseen horrors (D:12)
  A yaktaur (shapeshifter) (D:13)
  11 komodo dragons
  An ancient zyme (Abyss:2)
  3 tengu conjurers
  A troll (shapeshifter) (D:11)
  Grinder (D:3)
  3 trolls
  2 hornets
  A polar bear (Lair:5)
  16 blink frogs
  8 dream sheep
  3 raiju (Abyss:2)
  Sigmund (D:2)
  2 shadows
  4 wraiths (D:12)
  3 wyverns
  7 spriggans (D:12)
  23 yaks
  A culicivora (shapeshifter) (D:14)
  A hog (shapeshifter) (D:14)
  6 basilisks
  A small abomination (Abyss:2)
  5 vampire mosquitoes
  A steam dragon (D:12)
  A neqoxec (Abyss:2)
  Edmund (D:5)
  A warg (Orc:2)
  An acid dragon (D:11)
  A hell hound (Lair:4)
  14 water moccasins
  An ice beast (D:5)
  2 black bears
  A sky beast (D:7)
  A necrophage (D:7)
  19 orc warriors
  6 ogres
  A tengu (Lair:4)
  17 wolves
  7 centaurs
  3 kobold brigands
  Blork the orc (D:5)
  16 bullfrogs
  3 gnoll sergeants
  A wyvern zombie (D:6)
  A scorpion (D:7)
  5 wights
  14 howler monkeys
  4 electric eels
  4 centaur zombies
  4 hounds
  14 jellies
  11 orc priests
  2 centaur skeletons (D:6)
  Jessica (D:2)
  A bullfrog skeleton (D:6)
  2 gnoll shamans
  4 iguanas
  15 orc wizards
  5 hell rats (Lair:6)
  A wolf simulacrum (Lair:1)
  A hound skeleton (D:4)
  A howler monkey zombie (D:8)
  27 gnolls
  7 adders
  A river rat (D:5)
  2 shadow imps
  An ufetubus (D:5)
  An adder skeleton (D:4)
  5 worms
  A dart slug (D:1)
  50 orcs
  11 ball pythons
  11 bats
  9 endoplasms
  2 giant cockroaches
  7 goblins
  9 hobgoblins
  10 jackals
  7 quokkas
  A frilled lizard (D:3)
  23 kobolds
  A quokka skeleton (D:4)
  7 rats
634 creatures vanquished.

Vanquished Creatures (collateral kills)
  2 hydras
  Erolcha (D:13)
  A boulder beetle (Lair:4)
  3 dancing weapons (D:12)
  5 death yaks
  A wizard (D:13)
  An ugly thing (D:13)
  A manticore (Lair:6)
  A black mamba (shapeshifter) (D:13)
  A water nymph (shapeshifter) (D:13)
  A cane toad (Lair:1)
  5 yaks (Lair:6)
  An acid dragon (Lair:1)
  A bullfrog (Lair:4)
25 creatures vanquished.

Vanquished Creatures (others)
  A guardian serpent (Lair:4)
  A cane toad (D:9)
  An acid dragon (Lair:4)
  A swamp drake (D:9)
  An ogre (Lair:4)
  A wight (Abyss:2)
  An orc wizard (Orc:2)
  A hell rat (Lair:4)
  2 orcs (D:9)
  A bush (Lair:6)
  67 fungi
  A lurking horror (Abyss:2)
  86 plants
  3 starspawn tentacles (Abyss:2)
168 creatures vanquished.

Grand Total: 827 creatures vanquished

Notes
Turn   | Place    | Note
-------+----------+-------------------------------------------
     0 | D:1      | iguanaiguana the Palentonga Warper began the quest for the
                  | Orb.
     0 | D:1      | Reached XP level 1. HP: 17/17 MP: 3/3
   191 | D:1      | Reached XP level 2. HP: 22/23 MP: 5/5
   796 | D:1      | Reached XP level 3. HP: 28/29 MP: 6/6
   799 | D:1      | Learned a level 2 spell: Blink
   927 | D:1      | Found a faded altar of an unknown god.
  1388 | D:2      | Noticed Sigmund
  1708 | D:2      | Learned a level 3 spell: Teleport Other
  1785 | D:2      | Noticed Jessica
  2024 | D:2      | Killed Jessica
  2025 | D:2      | Reached XP level 4. HP: 24/36 MP: 7/7
  2499 | D:3      | Noticed Grinder
  3177 | D:2      | Reached XP level 5. HP: 29/42 MP: 8/8
  4023 | D:4      | Noticed a centaur
  4024 | D:4      | Noticed an ogre
  4027 | D:4      | Noticed a centaur
  4032 | D:4      | Killed a centaur
  4033 | D:4      | Reached skill level 5 in Translocations
  4033 | D:4      | Reached XP level 6. HP: 35/50 MP: 9/9
  4444 | D:4      | Gained mutation: You curl defensively after being hit. (AC
                  | +7*) [Palentonga growth]
  4444 | D:4      | Reached XP level 7. HP: 56/56 MP: 10/10
  4452 | D:4      | Reached skill level 5 in Maces & Flails
  4605 | D:4      | Learned a level 5 spell: Manifold Assault
  4790 | D:4      | Found Edagung's General Store.
  4878 | D:4      | Found Bifydwy's Jewellery Shop.
  5002 | D:5      | Entered Level 5 of the Dungeon
  5216 | D:5      | Noticed a two-headed ogre
  5228 | D:5      | Killed a two-headed ogre
  5229 | D:5      | Reached XP level 8. HP: 65/65 MP: 11/11
  5555 | D:5      | Noticed Edmund
  5588 | D:5      | Killed Edmund
  5984 | D:5      | Reached skill level 5 in Fighting
  6267 | D:5      | Found a staircase to the Ecumenical Temple.
  6277 | Temple   | Entered the Ecumenical Temple
  6287 | Temple   | Became a worshipper of Nemelex Xobeh the Trickster
  6436 | D:5      | Noticed Blork the orc
  6556 | D:5      | Noticed a hornet
  6564 | D:5      | Killed a hornet
  6565 | D:5      | Reached skill level 1 in Throwing
  6565 | D:5      | Reached skill level 1 in Invocations
  7132 | D:6      | Found a glowing drain.
  7158 | Sewer    | Entered a sewer
  7279 | Sewer    | Reached XP level 9. HP: 72/72 MP: 12/12
  7621 | D:6      | Found Ynuwka's Book Emporium.
  8518 | D:6      | Reached * piety under Nemelex Xobeh
  9822 | D:7      | Found Mazocuqurul's Book Emporium.
 10296 | D:7      | Found Dikhlaoh's Armour Boutique.
 10403 | D:7      | Found Imasaas's Antique Armour Emporium.
 10409 | D:7      | Bought a shiny helmet for 187 gold pieces
 10419 | D:7      | Bought a dyed leather armour for 125 gold pieces
 11286 | D:8      | Received a gift from Nemelex Xobeh
 11390 | D:8      | Reached ** piety under Nemelex Xobeh
 11548 | D:8      | Found a one-way gate to the infinite horrors of the Abyss.
 11548 | D:8      | Noticed jlumianski's ghost (novice GrFE)
 11669 | D:8      | Noticed a wizard
 11670 | D:8      | Noticed a toenail golem
 11687 | D:8      | Found a transporter.
 11690 | D:8      | Found a transporter.
 12007 | D:8      | Noticed an ice statue
 12293 | D:9      | Noticed a troll
 12303 | D:8      | Reached XP level 10. HP: 47/81 MP: 9/15
 12503 | D:9      | Noticed a cane toad
 12503 | D:9      | a troll changed into a cane toad
 12518 | D:9      | Killed a cane toad
 12845 | D:9      | Found Taosm's Book Emporium.
 12845 | D:9      | Noticed a centaur warrior
 12864 | D:9      | Killed a centaur warrior
 12865 | D:9      | Reached skill level 5 in Invocations
 12888 | D:9      | Found a staircase to the Lair.
 13672 | D:9      | Found a sacrificial altar of Ru.
 14089 | D:5      | Killed Blork the orc
 14163 | D:3      | Reached *** piety under Nemelex Xobeh
 14411 | D:3      | Killed Grinder
 14599 | D:2      | Killed Sigmund
 14737 | D:2      | Identified the +4 ring mail "Guuddion" {rCorr MP+9}
 15032 | Lair:1   | Entered Level 1 of the Lair of Beasts
 15035 | Lair:1   | Noticed a cane toad
 15044 | Lair:1   | Noticed a black mamba
 15053 | Lair:1   | Killed a black mamba
 15054 | Lair:1   | Reached skill level 5 in Dodging
 15058 | Lair:1   | Noticed a four-headed hydra
 15068 | Lair:1   | Noticed a cane toad
 15071 | Lair:1   | Killed a four-headed hydra
 15072 | Lair:1   | Reached XP level 11. HP: 42/88 MP: 17/17
 15359 | Lair:1   | Noticed an oklob plant
 15365 | Lair:1   | Noticed a four-headed hydra
 15408 | Lair:1   | Killed a four-headed hydra
 15433 | Lair:1   | Received a gift from Nemelex Xobeh
 16194 | Lair:1   | Noticed a six-headed hydra
 16198 | Lair:1   | Killed a six-headed hydra
 16199 | Lair:1   | Reached skill level 10 in Translocations
 16773 | Lair:1   | Noticed an eight-headed hydra
 16904 | Lair:1   | Killed an eight-headed hydra
 17300 | Lair:1   | Reached skill level 5 in Spellcasting
 18298 | Lair:1   | Reached skill level 10 in Maces & Flails
 19499 | Lair:2   | Reached XP level 12. HP: 97/97 MP: 8/19
 19597 | Lair:2   | Noticed a death yak
 19597 | Lair:2   | Noticed a death yak
 19597 | Lair:2   | Noticed a death yak
 19657 | Lair:2   | Killed a death yak
 19661 | Lair:2   | Killed a death yak
 19804 | Lair:2   | Noticed a death yak
 19804 | Lair:2   | Noticed a death yak
 20334 | Lair:2   | Noticed a death yak
 20656 | Lair:2   | Received a gift from Nemelex Xobeh
 21625 | Lair:3   | Received a gift from Nemelex Xobeh
 21966 | Lair:2   | Reached skill level 1 in Stealth
 22110 | Lair:3   | Reached skill level 1 in Transmutations
 22179 | D:9      | Bought a book of Changes for 252 gold pieces
 22182 | D:9      | Learned a level 2 spell: Wereblood
 22274 | D:10     | Entered Level 10 of the Dungeon
 22524 | D:10     | Noticed Sonja
 22538 | D:10     | Killed Sonja
 22544 | D:10     | Reached **** piety under Nemelex Xobeh
 23307 | D:10     | Reached skill level 5 in Transmutations
 23647 | D:11     | Received a gift from Nemelex Xobeh
 23673 | D:11     | Reached skill level 1 in Armour
 23820 | D:11     | Found a staircase to the Orcish Mines.
 23854 | D:11     | Learned a level 4 spell: Passage of Golubria
 24652 | Lair:3   | Received a gift from Nemelex Xobeh
 24800 | Lair:3   | Reached ***** piety under Nemelex Xobeh
 25138 | Lair:3   | Found a hole to the Spider Nest.
 25145 | Lair:3   | Reached XP level 13. HP: 103/103 MP: 9/21
 25296 | Lair:3   | Reached skill level 5 in Armour
 25552 | Lair:4   | Found a bloodstained altar of Trog.
 25743 | Lair:4   | Found a transporter.
 25928 | Lair:4   | Received a gift from Nemelex Xobeh
 27019 | Lair:4   | Found a staircase to the Swamp.
 27081 | Lair:4   | Found a transporter.
 28392 | Lair:5   | Found a runed translucent door.
 28397 | Lair:5   | Found a shimmering altar of Xom.
 28397 | Lair:5   | Noticed Serogusm's ghost (journeyman CeAM)
 28397 | Lair:5   | Identified the +7 scimitar of Severance {chaos, Int+2
                  | Dex+4}
 29461 | Lair:6   | Entered Level 6 of the Lair of Beasts
 29928 | Lair:6   | Received a gift from Nemelex Xobeh
 30917 | Lair:6   | Received a gift from Nemelex Xobeh
 31520 | Lair:6   | Reached skill level 10 in Invocations
 31681 | Lair:6   | Reached XP level 14. HP: 80/112 MP: 23/23
 31738 | Lair:6   | Found a staircase to the Slime Pits.
 32109 | Lair:6   | Received a gift from Nemelex Xobeh
 33468 | Lair:6   | Identified the +8 whip of Sin {vamp, rN+ rCorr Int-2}
 36344 | D:12     | Received a gift from Nemelex Xobeh
 36720 | D:12     | Reached skill level 1 in Shields
 36912 | D:12     | Received a gift from Nemelex Xobeh
 37790 | D:12     | Found a runed translucent door.
 37790 | D:12     | Found a shadowy altar of Dithmenos.
 37790 | D:12     | Noticed Psyche
 37795 | D:12     | Noticed Psyche
 37795 | D:12     | Psyche changed into Psyche the steam dragon
 37809 | D:12     | Killed Psyche the steam dragon
 38480 | D:12     | Reached skill level 1 in Necromancy
 38879 | D:13     | Noticed Josephine
 38893 | D:12     | Noticed Josephine
 38893 | D:12     | Josephine changed into Josephine the shock serpent
 38897 | D:12     | Killed Josephine the shock serpent
 39106 | D:13     | Reached XP level 15. HP: 103/118 MP: 20/24
 39115 | D:13     | Noticed Erolcha
 39118 | D:13     | Killed Erolcha
 39474 | D:13     | Reached skill level 5 in Shields
 40363 | D:14     | Received a gift from Nemelex Xobeh
 41373 | Orc:1    | Entered Level 1 of the Orcish Mines
 41691 | Orc:1    | Found Woruss's Book Emporium.
 41750 | Orc:2    | Entered Level 2 of the Orcish Mines
 43398 | Orc:2    | Received a gift from Nemelex Xobeh
 43412 | Orc:2    | Noticed Maurice
 43423 | Orc:2    | Killed Maurice
 43567 | Orc:2    | Found a staircase to the Elven Halls.
 43594 | Orc:2    | Noticed Nessos
 43596 | Orc:2    | Noticed Nessos
 43596 | Orc:2    | Nessos changed into Nessos the dream sheep
 43597 | Orc:2    | Noticed Jorgrun
 43602 | Orc:2    | Noticed Jorgrun
 43602 | Orc:2    | Jorgrun changed into Jorgrun the dire elephant
 43641 | Orc:2    | Killed Jorgrun the dire elephant
 43645 | Orc:2    | Killed Nessos the dream sheep
 43984 | Orc:2    | Reached skill level 5 in Necromancy
 44172 | Orc:2    | Paralysed by an orc sorcerer for 5 turns
 45035 | Orc:2    | Found Kanowaon's Assorted Antiques.
 45035 | Orc:2    | Found Vimuufor's Antique Weapon Boutique.
 45037 | Orc:2    | Found Xeh Teos's General Store.
 45037 | Orc:2    | Found Juptinos's Antique Weapon Emporium.
 45048 | Orc:2    | Bought a scroll of blinking for 262 gold pieces
 46498 | D:14     | Received a gift from Nemelex Xobeh
 46534 | D:14     | Identified the +1 ring mail "Fannuruq" {Contam +Inv rPois
                  | Int+5}
 47165 | D:13     | Found a gate to the Vaults.
 47444 | D:15     | Entered Level 15 of the Dungeon
 47561 | D:15     | Found a gate leading to a gauntlet.
 47573 | Gauntlet | Entered a Gauntlet
 47573 | Gauntlet | Found a transporter.
 47573 | Gauntlet | Found a transporter.
 47645 | Gauntlet | Found a transporter.
 47660 | Gauntlet | Found a transporter.
 47675 | Gauntlet | Found a transporter.
 47675 | Gauntlet | Found a transporter.
 47675 | Gauntlet | Found a transporter.
 47677 | Gauntlet | Found a transporter.
 47678 | Gauntlet | Found a transporter.
 47690 | Gauntlet | Found a transporter.
 47706 | Gauntlet | Found a transporter.
 47716 | Gauntlet | Found a transporter.
 47730 | Gauntlet | Found a transporter.
 47750 | Gauntlet | Found a transporter.
 47803 | Gauntlet | Cast into level 2 of the Abyss (a wizard)
 47811 | Abyss:2  | Found a corrupted altar of Lugonu.
 48195 | Abyss:2  | HP: 1/99 [raiju/living lightning (15)]
 48197 | Abyss:2  | Noticed a tentacled starspawn
 48216 | Abyss:2  | HP: 1/99 [spatial maelstrom (13)]
 48217 | Abyss:2  | Noticed a tentacled starspawn
 48222 | Abyss:2  | Killed from afar by a starcursed mass

Illustrated notes

Levels and vault maps discovered:
D:1:      saegor_arrival_simple_c, layout_rooms, basic_ecumenical_altar,
          corexii_hall_statues_l, st_stairs_4, minmay_pentomino_s2
D:2:      minmay_alternating_diamond, layout_rooms, uniq_sigmund, uniq_jessica
D:3:      corexii_shack_village, layout_loops_cross, uniq_grinder
D:4:      minmay_general_purpose_star, layout_rooms, serial_shops,
          nicolae_take_the_stairs, kennysheep_mini_moat, minmay_close_crescents
D:5:      layout_basic, minmay_temple_entry_trees, uniq_blork_the_orc,
          uniq_edmund
D:6:      layout_cave_pods, portal_sewer_entry_a, serial_shops,
          nicolae_shop_behind_doors, kennysheep_boxes
D:7:      layout_gridville, serial_shops, shop, nicolae_shop_trees,
          nicolae_diamond_shop, minivault_11
D:8:      lemuel_ice_statue, layout_loops_cross, gammafunk_ghost_abyssal_escape,
          grunt_decor_cap
D:9:      layout_basic, nicolae_ru_the_path_less_chosen, lair_entry_dummy,
          serial_shops, shop, special_room [special_room_orc],
          blue_anna_alchemist
D:10:     layout_long_grid, uniq_sonja
D:11:     layout_irregular_city, orc_0_dummy
D:12:     kb_forest_paths, layout_basic, minivault_1, fountainhead,
          minmay_misc_feat_chi, nicolae_danse_macabre, uniq_psyche
D:13:     layout_basic, grunt_vaults_entry_fortified, uniq_erolcha,
          uniq_josephine
D:14:     layout_stronghold, serial_bayou_shore_b, minmay_starry_boxes
D:15:     hangedman_depths_entry_civil_slaughter, layout_rooms,
          gauntlet_entry_generic
Temple:   regret_index_temple_sigil_plot
Lair:1:   cheibrodos_lair_river_kwai, layout_loops_ring,
          portal_ice_cave_entry_ice_simulacra, minmay_lair_oklob_bushes,
          grunt_megastairs_3
Lair:2:   layout_regular_city, lemuel_fruit_tree
Lair:3:   layout_gridlike, nicolae_spider_entry_orb_guardian, grunt_megastairs_2
Lair:4:   gammafunk_cloud_chamber, layout_small_grid, swamp_mist_pool,
          basic_altar, grunt_megastairs_1
Lair:5:   layout_cave_pods, ebering_ghost_xom, minivault_24,
          chequers_serial_rivers_large_a
Lair:6:   evilmike_catoblepas_cave, layout_cave_pods,
          minmay_slime_entry_jelly_boxes, serial_bayou_shore_b
Orc:1:    layout_caves, serial_shops, nicolae_diamond_shop,
          nicolae_orc_lost_temple
Orc:2:    grunt_orc_tribal_feast, layout_diamond_mine, uniq_nessos,
          uniq_maurice, uniq_jorgrun
Abyss:2:  base: Lair:1, hangedman_abyss_or_decor_passed,
          bh_abyss_xom_lugonu_altar, evilmike_abyss_exit_16, patterned_corridor
Gauntlet: gammafunk_gauntlet_mixed_choke_point
          [minmay_gauntlet_arena_77_checkered, minmay_gauntlet_arena_77_mirror,
          minmay_gauntlet_arena_77_double_cross,
          gammafunk_gauntlet_arena_crates, minmay_gauntlet_arena_77_block_sizes,
          minmay_gauntlet_arena_77_tiled_triplets, minmay_gauntlet_arena_77_fan,
          gauntlet_exit_green]

Skill      XL: |  1  2  3  4  5  6  7  8  9 10 11 12 13 14 15 |
---------------+----------------------------------------------+-----
Maces & Flails | 3 4 6 7 8 9 10 11 12 | 12.3
Translocations | 4 5 7 8 9 10 11 12 | 12.2
Fighting       | 3 4 5 6 7 8 9 |  9.5
Throwing       | 1 |  1.6
Dodging        | 2 3 5 6 7 8 |  8.4
Invocations    | 2 4 6 8 10 11 12 | 12.2
Spellcasting   | 3 4 5 6 |  6.7
Stealth        | 1 2 |  2.0
Transmutations | 5 6 |  6.0
Armour         | 4 6 7 |  7.5
Shields        | 4 5 |  5.7
Necromancy     | 2 6 |  6.0

Action                   |  1- 3 |  4- 6 |  7- 9 | 10-12 | 13-15 || total
-------------------------+-------+-------+-------+-------+-------++-------
Melee: Mace              |   159 |    71 |       |       |       ||   230
       Tailslap          |    11 |    26 |    50 |   127 |   231 ||   445
       Punch             |     1 |     2 |     8 |    13 |    15 ||    39
       Whip              |       |    90 |       |       |   409 ||   499
       Morningstar       |       |    23 |   317 |       |       ||   340
       Flail             |       |       |    72 |   937 |   666 ||  1675
       Demon whip        |       |       |       |       |   676 ||   676
Throw: Boomerang         |       |     1 |     1 |     1 |       ||     3
       Dart              |       |     3 |    13 |    17 |    47 ||    80
 Cast: Blink             |     1 |     3 |    15 |     3 |    24 ||    46
       Teleport Other    |       |       |     1 |       |       ||     1
       Manifold Assault  |       |       |    51 |   125 |   267 ||   443
       Wereblood         |       |       |       |    13 |    38 ||    51
       Passage of Golubr |       |       |       |       |     3 ||     3
Invok: Draw Destruction  |       |       |     1 |    16 |    32 ||    49
       Triple Draw       |       |       |       |     1 |     1 ||     2
       Draw Summoning    |       |       |       |     3 |     8 ||    11
       Draw Escape       |       |       |       |     3 |     6 ||     9
       Stack Five        |       |       |       |     1 |     1 ||     2
       Draw Stack        |       |       |       |       |     7 ||     7
       Deal Four         |       |       |       |       |     4 ||     4
 Abil: Rolling Charge    |       |     5 |    26 |    18 |   106 ||   155
Evoke: Wand              |       |     6 |    16 |    29 |     9 ||    60
  Use: Scroll            |       |     1 |     9 |    13 |    27 ||    50
       Potion            |       |     1 |     2 |     9 |     7 ||    19
 Stab: Paralysed         |       |    20 |     6 |    13 |       ||    39
       Distracted        |       |       |       |       |     1 ||     1
Armor: Leather armour    |    56 |    40 |    20 |     9 |       ||   125
       Robe              |       |       |    67 |       |       ||    67
       Troll leather arm |       |       |       |    34 |       ||    34
       Ring mail         |       |       |       |   216 |   548 ||   764
       Skin              |       |       |       |     6 |       ||     6
Dodge: Dodged            |   151 |   124 |   279 |   453 |   447 ||  1454
Block: Other             |       |       |    39 |   148 |   143 ||   330
       Reflection        |       |       |     2 |     3 |    18 ||    23
       Buckler           |       |       |       |       |   149 ||   149
       Kite shield       |       |       |       |       |    51 ||    51
